 Dungeon Crawl Stone Soup version 0.23-a0-269-g65e0026 (webtiles) character file.

42 epen the Skirmisher (level 3, -6/26 HPs)
             Began as an Octopode Abyssal Knight on Sept 30, 2018.
             Was a Follower of Lugonu.
             Mangled by Grinder (8 damage)
             ... on level 3 of the Dungeon.
             The game lasted 00:02:34 (1692 turns).

epen the Skirmisher (Octopode Abyssal Knight)       Turns: 1692, Time: 00:02:35

Health: -6/26      AC:  1    Str: 11    XL:     3   Next: 54%
Magic:  4/4        EV: 14    Int: 14    God:    Lugonu [*.....]
Gold:   103        SH:  0    Dex: 15    Spells: 2/2 levels left

rFire    . . .     SeeInvis .   a - +1 short sword
rCold    . . .     Gourm    .   (no shield)
rNeg     . . .     Faith    .   (helmet restricted)
rPois    .         Spirit   .   (no amulet)
rElec    .         Reflect  .   j - +3 ring of dexterity (curse)
rCorr    .         Harm     .   (no ring)
MR       .....                  (no ring)
Stlth    +++.......             (no ring)
HPRegen  0.08/turn              (no ring)
MPRegen  0.09/turn              (no ring)
                                (no ring)
                                (no ring)

@: flying, invisible
A: almost no armour, stealthy swim, amphibious, 8 rings, constrict 8, camouflage
1, gelatinous body 1
a: Depart the Abyss, Renounce Religion


You were on level 3 of the Dungeon.
You worshipped Lugonu.
Lugonu was aware of your devotion.
You were very hungry.

You visited 1 branch of the dungeon, and saw 3 of its levels.
You visited the Abyss 1 time.

You collected 103 gold pieces.

Inventory:

Hand Weapons
 a - a +1 short sword (weapon)
Jewellery
 j - a cursed +3 ring of dexterity (left tentacle)
Scrolls
 c - a scroll of teleportation
 e - 2 scrolls of blinking
 h - a scroll of random uselessness {unknown}
 l - 2 scrolls of remove curse {unknown}
 n - a scroll of magic mapping {unknown}
 o - a scroll of fog {unknown}
Potions
 i - 2 potions of flight
 k - a potion of cancellation {unknown}
 m - a potion of curing {unknown}
Comestibles
 b - 3 rations


   Skills:
 + Level 3.2 Fighting
 * Level 2.6 Short Blades
 + Level 2.7 Dodging
 + Level 1.4 Stealth
 + Level 2.5 Invocations


You had 2 spell levels left.
You didn't know any spells.
Your spell library was empty.

Dungeon Overview and Level Annotations

Branches:
Dungeon (3/15)

Altars:

Annotations:
D:3 Grinder


Innate Abilities, Weirdness & Mutations

You cannot wear most types of armour.
You are very stealthy in the water. (Stealth+)
You are amphibious.
You can wear up to eight rings at the same time.
You can use your tentacles to constrict eight enemies at once.
Your skin changes colour to match your surroundings (Stealth+).
Your rubbery body absorbs attacks. (AC +1, EV +1)


Message History

You barely miss Grinder. Your grab misses Grinder. You squeeze Grinder.
Grinder is lightly wounded.
Grinder blinks!
Grinder hits you.
You hit Grinder but do no damage. You grab Grinder. You squeeze Grinder!
Grinder is moderately wounded.
You constrict Grinder. Grinder hits you!
* * * LOW HITPOINT WARNING * * *
You writhe in agony.
* * * LOW HITPOINT WARNING * * *
You are too injured to fight recklessly!
You are too injured to fight recklessly!
You are too injured to fight recklessly!
It was a potion of flight.
You feel very buoyant.
You fly up into the air.
You constrict Grinder. Grinder misses you.
It was a potion of invisibility.
You fade into invisibility!
You constrict Grinder. Grinder hits you!
You die...

#.#.#.# ...#.#.#
.....#.# #
......#.#
#####.#.# #.#.#
#.#.#
#######.#5#.#...
........@....$...
####.##.#...#####
#+#####


You could see Grinder.

Vanquished Creatures
  An adder (D:2)
  3 dart slugs (D:1)
  A leopard gecko (D:2)
  3 bats
  2 giant cockroaches
  4 goblins (D:1)
  5 hobgoblins
  A frilled lizard (D:1)
  3 kobolds
  A rat (D:2)
24 creatures vanquished.

Notes
Turn   | Place    | Note
-------+----------+-------------------------------------------
     0 | Abyss:1  | epen the Octopode Abyssal Knight began the quest for the
                  | Orb.
     0 | Abyss:1  | Reached XP level 1. HP: 16/16 MP: 2/2
   124 | Abyss:1  | Noticed a large abomination
   124 | Abyss:1  | Noticed a shadow
   125 | Abyss:1  | Noticed a worldbinder
   126 | D:1      | Escaped the Abyss
   436 | D:1      | Reached * piety under Lugonu
   436 | D:1      | Reached XP level 2. HP: 20/21 MP: 3/3
   554 | D:1      | Reached skill level 1 in Stealth
   983 | D:2      | Reached XP level 3. HP: 23/26 MP: 4/4
  1685 | D:3      | Noticed Grinder
  1692 | D:3      | Mangled by Grinder

Vault maps used:
D:1:      dpeg_arrival_tiny_k, feat_on_display
D:3:      minmay_wonky_spiral, kennysheep_nondescript, uniq_grinder

Skill      XL: |  1  2 |
---------------+-------+-----
Stealth        | 1 |  1.4
Fighting       | |  3.2
Short Blades   | |  2.6
Dodging        | |  2.7
Invocations    | |  2.5

Action                   || total
-------------------------++-------
Melee: Short sword       ||    42
       Constrict         ||    12
       Tentacles         ||     8
Invok: Depart the Abyss  ||     1
  Use: Scroll            ||     4
       Potion            ||     2
 Stab: Sleeping          ||     5
  Eat: Chunk             ||     1
Armor: Skin              ||     4
Dodge: Dodged            ||    18

Table legend:
 A = Non-vault XP
 B = Vault XP
 C = Vault XP percentage of total XP
 D = Non-vault monster count
 E = Vault monster count
 F = Vault count percentage of total count
                 A         B        C        D         E       F
            +---------+---------+-------+---------+---------+-------
      Total |      60 |       0 |   0.0 |      24 |       0 |   0.0
            +---------+---------+-------+---------+---------+-------
        D:1 |      32 |       0 |   0.0 |      14 |       0 |   0.0
        D:2 |      28 |       0 |   0.0 |      10 |       0 |   0.0
            +---------+---------+-------+---------+---------+-------
